[Event "WTCC-50 2018"]
[Site "Radebeul"]
[Date "2018.07.09"]
[Round "3"]
[White "Koehler, Gerhard"]
[Black "Boehm, Martin"]
[Result "1/2-1/2"]
[ECO "A20"]
[WhiteElo "2181"]
[BlackElo "2172"]
[Annotator "NA"]
[PlyCount "54"]
[EventDate "2018.07.07"]
[EventType "team-tourn"]
[EventCountry "GER"]
[SourceTitle "playchess.com"]
[Source "ChessBase"]
[SourceQuality "1"]
[TimeControl "40/5400+30:1800+30"]

1. c4 e5 2. g3 Nc6 3. Bg2 Bc5 4. Nc3 a6 5. e3 h5 6. Nf3 d6 7. d4 Bb4 8. Qc2 h4 9. d5 h3 10. Bf1 Qf6 11. Nd2 Bxc3 12. Qxc3 Nce7 13. Be2 Nh6 14. O-O O-O 15. b4 b5 16. e4 Qg6 17. cxb5 f5 18. Qxc7 fxe4 19. Qxe7 Nf5 20. Qc7 Nd4 21. Bd1 e3 22. fxe3 Rxf1+ 23. Nxf1 Qe4 24. Qd8+ Kf7 25. Bh5+ g6 26. Qc7+ Kg8 27. Qd8+ Kf7 1/2-1/2

[Event "WTCC-50 2018"]
[Site "Radebeul"]
[Date "2018.07.09"]
[Round "3"]
[White "Gempe, Thomas"]
[Black "Haase, Wolfgang"]
[Result "1-0"]
[ECO "A40"]
[WhiteElo "2178"]
[BlackElo "2028"]
[Annotator "NA"]
[PlyCount "79"]
[EventDate "2018.07.07"]
[EventType "team-tourn"]
[EventCountry "GER"]
[SourceTitle "playchess.com"]
[Source "ChessBase"]
[SourceQuality "1"]
[TimeControl "40/5400+30:1800+30"]

1. d4 g6 2. e4 c5 3. d5 d6 4. Nc3 Bg7 5. Bb5+ Nd7 6. a4 Ngf6 7. Nf3 O-O 8. O-O Ne8 9. Bg5 Ne5 10. Nd2 f6 11. Bh4 Nc7 12. Be2 Bd7 13. f4 Nf7 14. Nc4 b6 15. Bf3 Rb8 16. Re1 e5 17. fxe5 dxe5 18. Bg4 g5 19. Bxd7 Qxd7 20. Bg3 Nd6 21. Nxd6 Qxd6 22. Nb5 Nxb5 23. axb5 Rf7 24. c4 Bf8 25. Rf1 Qd7 26. Rf5 Bg7 27. Ra3 Rbf8 28. Be1 Rd8 29. Qh5 Bf8 30. Raf3 Qe7 31. Bc3 Rd7 32. Bxe5 Bg7 33. Qg4 Qe8 34. Bxf6 h6 35. Bxg7 Kxg7 36. e5 Rxf5 37. Qxf5 Rf7 38. Qxf7+ Qxf7 39. Rxf7+ Kxf7 40. Kf2 1-0

[Event "WTCC-50 2018"]
[Site "Radebeul"]
[Date "2018.07.09"]
[Round "3"]
[White "Delaney, John Anthony"]
[Black "Strutinskaia, Galina"]
[Result "1/2-1/2"]
[ECO "B33"]
[WhiteElo "2137"]
[BlackElo "2221"]
[Annotator "NA"]
[PlyCount "48"]
[EventDate "2018.07.07"]
[EventType "team-tourn"]
[EventCountry "GER"]
[SourceTitle "playchess.com"]
[Source "ChessBase"]
[SourceQuality "1"]
[TimeControl "40/5400+30:1800+30"]

1. e4 c5 2. Nf3 e6 3. d4 cxd4 4. Nxd4 Nf6 5. Nc3 Nc6 6. Ndb5 d6 7. Bf4 e5 8. Bg5 a6 9. Na3 b5 10. Bxf6 gxf6 11. Nd5 Bg7 12. c3 Ne7 13. Nc2 Nxd5 14. Qxd5 {[%emt 0:03:14] LiveBook: 8 Games} Be6 {[%emt 0:00:14] B33: Sicilian: Pelikan and Sveshnikov Variations} 15. Qd3 (15. Qc6+ Ke7 16. Nb4 Qd7 17. Qb6 Rhc8 18. Rd1 Bh6 19. Be2 Qc7 20. Qxc7+ Rxc7 21. O-O Rc5 22. g3 {½-½ (38) Kruppa,Y (2555)-Schmittdiel,E (2485) Oberwart 1995}) 15... O-O 16. Be2 d5 17. exd5 Qxd5 18. Qxd5 Bxd5 19. Ne3 Be6 20. Bg4 $146 ({Predecessor:} 20. Bd3) 20... Rfd8 $11 21. Ke2 Bh6 22. Bxe6 fxe6 23. Rhd1 Kf7 24. a4 Rxd1 1/2-1/2

[Event "WTCC-50 2018"]
[Site "Radebeul"]
[Date "2018.07.09"]
[Round "3"]
[White "Haentsch, Ralf"]
[Black "Polster, Wolfgang"]
[Result "0-1"]
[ECO "B07"]
[WhiteElo "2085"]
[BlackElo "2203"]
[Annotator "NA"]
[PlyCount "86"]
[EventDate "2018.07.07"]
[EventType "team-tourn"]
[EventCountry "GER"]
[SourceTitle "playchess.com"]
[Source "ChessBase"]
[SourceQuality "1"]
[TimeControl "40/5400+30:1800+30"]

1. e4 d6 2. d4 Nf6 3. Nc3 g6 4. f3 a6 5. Be3 b5 6. Qd2 {[%emt 0:01:00] LiveBook: 108 Games} Bb7 7. Bh6 Bxh6 8. Qxh6 Nbd7 9. Nh3 c5 10. d5 Qa5 $14 11. Qd2 c4 12. Ne2 b4 13. a3 c3 14. bxc3 bxa3 15. Qc1 O-O 16. Qxa3 Qb6 17. Qb4 Qa7 18. Nf2 Rfc8 19. Nd4 a5 20. Qa3 Nc5 21. Bb5 e5 22. Ne2 Qb6 23. Bd3 Nfd7 24. O-O Nxd3 25. cxd3 Rc5 26. Rfb1 Qc7 27. c4 a4 28. Rb4 Rca5 29. Nc3 Nc5 30. Kf1 Bc8 31. Ke2 Qe7 32. Rb6 Bd7 33. Rb4 Qg5 34. g3 Nb3 35. Ra2 Nc1+ 36. Kf1 Nxa2 37. Qxa2 Qe3 38. Qe2 Qc5 39. Rb7 R5a7 40. Qb2 a3 41. Rb8+ Kg7 42. Qb6 Rxb8 43. Qxb8 a2 0-1

[Event "WTCC-50 2018"]
[Site "Radebeul"]
[Date "2018.07.09"]
[Round "3"]
[White "Nazarenus, Olaf"]
[Black "Goh, Cheng Hong"]
[Result "1-0"]
[ECO "B06"]
[WhiteElo "2082"]
[BlackElo "2323"]
[Annotator "NA"]
[PlyCount "103"]
[EventDate "2018.07.07"]
[EventType "team-tourn"]
[EventCountry "GER"]
[SourceTitle "playchess.com"]
[Source "ChessBase"]
[SourceQuality "1"]
[TimeControl "40/5400+30:1800+30"]

1. d4 g6 2. e4 Bg7 3. Nc3 c5 4. Nf3 Qa5 5. Be3 Nf6 6. Qd2 Nc6 {[%emt 0:00:55] LiveBook: 26 Games} 7. h3 {[%emt 0:24:42] B27: Sicilian: 2 Nf3, unusual Black 2nd moves} (7. d5 Nb4 8. e5 Ng4 9. Bf4 f6 10. exf6 Nxf6 11. Rd1 O-O 12. a3 Nbxd5 13. Bc4 e6 14. Be5 Nxc3 15. Bxc3 {½-½ (23) Kelly,L (2172)-Ardeleanu,A (2339) Arad 2017}) 7... cxd4 8. Nxd4 Nxd4 9. Qxd4 Nh5 $146 ({Predecessor:} 9... O-O 10. Qd2 Qb4 11. Bd3 Qxb2 12. Rb1 Qa3 13. Nb5 Qxa2 14. O-O Ne8 {1-0 (32) Strniscak,T (2220)-Stankovic,A (2105) Zagreb 2012}) 10. Qd2 Bxc3 11. bxc3 O-O 12. Bd3 d6 13. g4 Ng7 14. f4 Bd7 15. f5 Rfc8 16. f6 exf6 17. Bd4 Ne8 18. Ke2 Rc5 19. Rag1 Re5 20. Qf4 Bc6 21. Kd2 d5 22. Bxe5 fxe5 23. Qxe5 Qc7 24. Qxc7 Nxc7 25. Re1 dxe4 26. Bxe4 Bxe4 27. Rxe4 Ne6 28. Ke3 Rc8 29. c4 Kg7 30. Rf1 Rc7 31. Kd2 h6 32. Kc3 Rd7 33. Rf2 Rc7 34. Rd2 Kf6 35. Rd5 Ke7 36. h4 Kf6 37. Kb4 Kg7 38. c5 Kf6 39. Kb5 Ke7 40. c3 Kf6 41. Ra4 Rc6 42. Rxa7 Nc7+ 43. Kc4 Nxd5 44. Kxd5 Rc7 45. a4 Ke7 46. a5 Kd7 47. Ra8 Ke7 48. Rh8 Kf6 49. Rd8 Ke7 50. Rd6 Rd7 51. Rxd7+ Kxd7 52. Ke5 $18 1-0

[Event "WTCC-50 2018"]
[Site "Radebeul"]
[Date "2018.07.09"]
[Round "3"]
[White "Schnegelsberg, Karl Heinz"]
[Black "Schoeneberg, Manfred"]
[Result "1/2-1/2"]
[ECO "A05"]
[WhiteElo "2042"]
[BlackElo "2199"]
[Annotator "NA"]
[PlyCount "125"]
[EventDate "2018.07.07"]
[EventType "team-tourn"]
[EventCountry "GER"]
[SourceTitle "playchess.com"]
[Source "ChessBase"]
[SourceQuality "1"]
[TimeControl "40/5400+30:1800+30"]

1. Nf3 Nf6 2. g3 g6 3. d3 Bg7 4. e4 d6 5. Bg2 O-O 6. O-O c5 7. Nbd2 Nc6 8. Nc4 Bg4 9. h3 Be6 10. Nfd2 d5 11. Ne3 d4 12. Nec4 b5 13. Na3 a6 14. f4 Rc8 15. Kh2 c4 16. e5 Nd7 17. dxc4 b4 18. Nab1 Nb6 19. b3 d3 20. Bb2 dxc2 21. Qxc2 Qc7 22. Nf3 Rfd8 23. Nbd2 a5 24. Ne4 a4 25. Rad1 h6 26. Rfe1 Bf5 27. Qe2 axb3 28. axb3 Ra8 29. Ra1 Rac8 30. Qe3 Bxe4 31. Qxe4 e6 32. Nd4 Nxd4 33. Bxd4 Bf8 34. g4 Bc5 35. Be3 Nd7 36. Red1 Kg7 37. Bc1 Nb6 38. Bb2 Rxd1 39. Rxd1 Rd8 40. Rd6 Kh7 41. Rc6 Qe7 42. f5 Rd2 43. f6 Qd7 44. Rxc5 Rxb2 45. Rb5 Nd5 46. Qd4 Re2 47. Rxb4 Nxf6 48. c5 Qc6 49. Qg1 Nd5 50. Re4 Rd2 51. Kh1 Nc3 52. Re1 Nd5 53. b4 Qa4 54. Rc1 Qa3 55. Qe1 Rxg2 56. Kxg2 Nf4+ 57. Kg1 Qxh3 58. Qf2 Qxg4+ 59. Kf1 Qh3+ 60. Kg1 Qg4+ 61. Kf1 Qh3+ 62. Kg1 Qg4+ 63. Kf1 1/2-1/2

[Event "WTCC-50 2018"]
[Site "Radebeul"]
[Date "2018.07.09"]
[Round "3"]
[White "Marwitz, Tino"]
[Black "Brueggemann, Joachim"]
[Result "0-1"]
[ECO "E21"]
[WhiteElo "2031"]
[BlackElo "2293"]
[Annotator "NA"]
[PlyCount "106"]
[EventDate "2018.07.07"]
[EventType "team-tourn"]
[EventCountry "GER"]
[SourceTitle "playchess.com"]
[Source "ChessBase"]
[SourceQuality "1"]
[TimeControl "40/5400+30:1800+30"]

1. d4 Nf6 2. c4 e6 3. Nf3 Bb4+ 4. Nc3 d6 5. g3 O-O 6. Bg2 Qe7 7. O-O {[%emt 0:00:09] E20: Nimzo-Indian: 4 g3 and 4 f3} Bxc3 8. bxc3 e5 9. dxe5 $146 ({Predecessor:} 9. Nd2 e4 10. Nb3 Re8 11. c5 dxc5 12. Ba3 b6 13. dxc5 Qe5 {1-0 (51) Brodsky,M (2564)-Ernst,S (2473) Hoogeveen 2005}) 9... dxe5 10. Qb3 Re8 11. Ba3 c5 12. e3 $2 (12. Rfd1 $11) 12... Na6 13. Rab1 (13. e4 $1 $11 {bleibt in der Remisbreite.}) 13... Rb8 14. Qc2 Qe6 15. Rfd1 h6 (15... Qf5 $5 16. Ne1 Qxc2 17. Nxc2 e4 $15) 16. Nd2 e4 17. Nb3 Qe5 18. Na5 Bg4 19. Rd2 Qc7 20. Nb3 b6 21. h3 Bh5 22. Nc1 Rbd8 23. Rxd8 Rxd8 24. Ne2 Bxe2 25. Qxe2 Qd7 26. Re1 Nb8 27. f3 Nc6 28. fxe4 Ne5 29. Bc1 Qa4 30. Rf1 Qxc4 31. Qxc4 Nxc4 32. e5 Nxe5 33. e4 Rd3 34. Bf4 Nfd7 35. h4 Rxc3 36. Rd1 Rd3 37. Rxd3 Nxd3 38. Bd2 Kf8 39. Kf1 Ke7 40. Ke2 N3e5 41. Bc3 Kd6 42. Bh3 Nb8 43. g4 g5 44. h5 $19 Nbc6 45. Kd1 b5 46. Kc2 b4 47. Be1 Nd4+ 48. Kd1 a5 49. Bg3 c4 50. Bf1 c3 51. Ba6 f6 52. Bf2 Kc5 53. Bc8 c2+ 0-1

[Event "WTCC-50 2018"]
[Site "Radebeul"]
[Date "2018.07.09"]
[Round "3"]
[White "Lyons, Brendan"]
[Black "Sirotkina, Nina"]
[Result "1/2-1/2"]
[ECO "B30"]
[WhiteElo "1915"]
[BlackElo "2175"]
[Annotator "NA"]
[PlyCount "30"]
[EventDate "2018.07.07"]
[EventType "team-tourn"]
[EventCountry "GER"]
[SourceTitle "playchess.com"]
[Source "ChessBase"]
[SourceQuality "1"]
[TimeControl "40/5400+30:1800+30"]

1. Nf3 c5 2. e4 Nc6 3. d3 g6 4. g3 Bg7 5. Bg2 d6 6. O-O e5 7. c3 Nge7 8. a3 a5 9. a4 O-O 10. Na3 h6 11. Nb5 Be6 12. Nd2 Na7 13. Na3 Qc7 14. f4 exf4 15. gxf4 f5 1/2-1/2